cohdb
Replays
Latest Replays
All Replays
Popular Replays
Top Player Replays
Match Explorer
How It Works
Community
CoH3 Stats
Reddit
Sign in to upload your games and track your stats! →
Sign in with Steam
vs RA11 and OOGA BOOGATTI
Match 43681112
Overview
Messages
Build Orders
End
Construct Section Command Post
Vickers Machine Gun Team
Royal Engineer Section
Infantry Section
ML 3-inch Mortar Team
Construct Platoon Command Post
Vickers Machine Gun Team
Construct Field Infirmary
6-pounder Anti-tank Gun Team
Infantry Training
Royal Engineer Section
Construct Company Command Post
Royal Engineer Section
Selects Heavy Armor Battlegroup
Selects Engineer Detachments
Selects Light Vehicle Withdraw and Refit
Selects UNKNOWN (202330)
Crusader AA Medium Tank
Crusader AA Medium Tank
Selects Designate Targets
Designate Targets
Crusader AA Medium Tank
Selects Forward Repair Assembly
Armored Vehicle Training
6-pounder Anti-tank Gun Team
6-pounder Anti-tank Gun Team
Team Weapon Training
Designate Targets
Selects UNKNOWN (2162094)
Churchill IV Heavy Tank
Designate Targets
Designate Targets
Churchill IV Heavy Tank
Designate Targets
Designate Targets
Designate Targets
Crusader AA Medium Tank
Designate Targets
Royal Engineer Section
Unlock Towed 17-pounder Anti-tank Guns
17-pounder Anti-tank Gun Team
Mike
ArmouredTopHat
Ra11
Ooga Boogatti
0
0
Comments
sign in to comment!
No comments posted yet!